 Dungeon Crawl Stone Soup version 0.28-a0-1387-g3a22ab9bdc (webtiles) character file.

Game seed: 81598481848574247

11336 bande the Cleaver (level 11, -2/67 HPs)
             Began as a Gargoyle Fighter on Jan 2, 2022.
             Was a High Priest of Okawaru.
             Slain by Sonja (3 damage)
             ... on level 2 of the Lair of Beasts.
             The game lasted 00:24:57 (13057 turns).

bande the Cleaver (Gargoyle Fighter)               Turns: 13057, Time: 00:24:58

Health: -2/67      AC: 35    Str: 21    XL:     11   Next: 76%
Magic:  0/16       EV: 10    Int: 10    God:    Okawaru [*****.]
Gold:   395        SH:  4    Dex: 13    Spells: 10/10 levels left

rFire   . . .      SeeInvis .   a - +1 war axe
rCold   . . .      Faith    .   f - orb {*Rage}
rNeg    + + +      Spirit   +   C - +10 ring mail "Nutaa" {rN++ Int+2}
rPois   ∞          Reflect  .   q - +0 helmet
rElec   +          Harm     .   b - +0 cloak
rCorr   .          Rampage  .   h - +1 pair of gloves
Will    +....      Rage     20% D - +0 pair of boots
Stlth   +.........              i - amulet of guardian spirit
HPRegen 0.21/turn               k - +4 ring of protection
MPRegen 0.15/turn               p - ring of willpower

@: on berserk cooldown, slowed, unable to read, very slow
A: sickness immunity, AC +8, negative energy resistance 1, electricity
resistance, torment resistance 1, petrification resistance, large bone plates 1,
inability to read while threatened
a: Renounce Religion, Heroism, Finesse, Duel


You were on level 2 of the Lair of Beasts.
You worshipped Okawaru.
Okawaru was extremely pleased with you.
You visited 3 branches of the dungeon, and saw 11 of its levels.

You collected 395 gold pieces.

Inventory:

Hand Weapons
 a - a +1 war axe (weapon)
 n - a +0 flail
Armour
 b - a +0 cloak (worn)
 c - a +0 buckler
 f - an orb of wrath (worn)
 h - a +1 pair of gloves (worn)
 q - a +0 helmet (worn)
 w - an orb of guile
 C - the +10 ring mail "Nutaa" (worn) {rN++ Int+2}
   (Okawaru gifted it to you on level 2 of the Lair of Beasts)

   Int:       It affects your intelligence (+2).
   rN:        It greatly protects you from negative energy.
 D - a +0 pair of boots (worn)
Jewellery
 e - a +6 ring of intelligence
 i - an amulet of guardian spirit (around neck)
 k - a +4 ring of protection (left hand)
 p - a ring of willpower (right hand)
 z - a ring of flight
 F - a ring of wizardry
Wands
 m - a wand of acid (8)
 r - a wand of polymorph (4)
 y - a wand of paralysis (6)
 E - a wand of flame (6)
Scrolls
 o - 2 scrolls of enchant weapon
 v - 5 scrolls of fear
 A - 3 scrolls of teleportation
 G - a scroll of identify
Potions
 d - 3 potions of might
 g - 5 potions of curing
 j - 3 potions of haste
 l - a potion of brilliance
 s - a potion of flight
 t - 2 potions of magic
 u - a potion of invisibility {unknown}
 B - a potion of attraction {unknown}


   Skills:
 + Level 7.5 Fighting
 + Level 10.8 Axes
 + Level 8.0 Armour
 - Level 0.3 Stealth
 * Level 7.6 Shields
 * Level 6.8 Invocations
 * Level 5.8 Evocations


You had 10 spell levels left.
You didn't know any spells.
Your spell library contained the following spells:

 Spells                   Type           Power      Damage    Failure   Level
 Freeze                   Ice            0%         1d3       50%         1
 Magic Dart               Conj           0%         1d3       50%         1
 Searing Ray              Conj           0%         2d4       65%         2
 Frozen Ramparts          Ice            0%         1d2       86%         3
 Mephitic Cloud           Conj/Pois/Air  0%         N/A       86%         3
 Fulminant Prism          Conj/Hex       0%         3d6       99%         4
 Hailstorm                Conj/Ice       0%         3d3       99%         4
 Ice Form                 Ice/Tmut       0%         N/A       99%         4
 Call Imp                 Summ           Unusable   N/A       N/A         2
 Summon Ice Beast         Ice/Summ       Unusable   N/A       N/A         4

Dungeon Overview and Level Annotations

Branches:
Dungeon (8/15)             Temple (1/1) D:4            Lair (2/6) D:8
  Swamp: Lair:2-4    Shoals: Lair:2-4     Snake: Lair:2-4    Spider: Lair:2-4

Altars:
Ashenzari
Cheibriados
Dithmenos
Elyvilon
Fedhas
Gozag
Hepliaklqana
Kikubaaqudgha
Makhleb
Nemelex Xobeh
Okawaru
Trog
Uskayaw
Wu Jian
Xom
Yredelemnul

Shops:
D:1 ?

Annotations:
Lair:1 3 runed translucent doors, Shayle's ghost, journeyman DsWr
Lair:2 Sonja


Innate Abilities, Weirdness & Mutations

You are immune to sickness and miasma.
Your stone body is resilient. (AC +8)
You are immune to poison.
You resist negative energy. (rN+)
You are resistant to electric shocks. (rElec)
You are resistant to unholy torment.
You are immune to petrification.
You are partially covered in large bone plates. (SH +4)
You sometimes lose the ability to read scrolls when taking damage.


Message History

The cane toad stings you but does no damage.
Unknown command.
You hit the cane toad.
The cane toad is severely wounded.
Unknown command.
You slash the cane toad!
You kill the cane toad!
Okawaru accepts your kill.
You see here a book of Transfigurations.
You closely miss Sonja.
Sonja mumbles some strange words.
Sonja blinks!
Sonja throws a curare-tipped dart.
The curare-tipped dart hits you.
Found a runed cloak.
You feel a strong urge to attack something.
Sonja throws a curare-tipped dart.
You block the curare-tipped dart.
You feel your anger nearly subside.
You are no longer berserk.
You are exhausted.
You feel yourself slow down. Sonja hits you but does no damage.
You blink.
Sonja mumbles some strange words.
Sonja blinks!
You see here a book of Transfigurations.
You barely miss Sonja. Sonja hits you but does no damage.
Space warps horribly around you!! Sonja closely misses you.
Sonja barely misses you. Sonja hits you but does no damage.
You blink.
You block Sonja's attack. Sonja hits you but does no damage.
Space warps horribly around you!!
You feel threatened and lose the ability to read scrolls!
Sonja hits you but does no damage. x2; Space warps around you.
You block Sonja's attack. Sonja hits you but does no damage.
Space warps horribly around you!
* * * LOW HITPOINT WARNING * * *
You hit Sonja.
Sonja is lightly wounded.
Sonja misses you. Sonja hits you but does no damage. Space warps around you.
* * * LOW HITPOINT WARNING * * *
Sonja hits you but does no damage. Space warps horribly around you!
* * * LOW HITPOINT WARNING * * *
Sonja hits you but does no damage. Space warps around you.
You die...

. .................
..............[.... ...
...............
P..###.P........... .
.................. ..
...............# ...
.........[...######## ....
........#.....#.(...##.....
......†.#...<.#.@..........
................K:.........
..........>..####....#....[
..............# #.#..P.....
........#..................
..#....P...................
...........................
...........................
........<..................


You could see Sonja.

Vanquished Creatures
  A hydra (Lair:1)
  4 cane toads
  4 black mambas
  3 komodo dragons (Lair:1)
  A troll (D:8)
  A polar bear (Lair:1)
  Grinder (D:3)
  4 blink frogs (Lair:2)
  A wraith (D:8)
  Eustachio (D:6)
  3 wyverns
  3 basilisks
  7 yaks (D:8)
  Grum (D:6)
  The ghost of dracfodder the Chiller, an amateur DrIE (D:7)
  5 water moccasins (Lair:1)
  2 black bears
  2 ice beasts
  A necrophage (D:5)
  An ogre (D:5)
  4 centaurs
  2 phantoms
  Blork the orc (D:4)
  3 bullfrogs
  2 gnoll sergeants (D:6)
  3 scorpions
  2 water moccasin skeletons (D:5)
  3 killer bees (D:6)
  A howler monkey (D:5)
  3 jellies
  5 orc priests
  14 hounds
  A gnoll shaman (D:7)
  2 iguanas
  A bullfrog skeleton (D:5)
  3 centaur skeletons
  7 orc wizards
  Natasha (twice) (D:3)
  A hound skeleton (D:5)
  2 howler monkey zombies
  Robin (D:3)
  12 gnolls
  8 adders
  2 shadow imps (D:5)
  A white imp (D:7)
  3 ufetubi
  3 worms (D:3)
  2 dart slugs
  26 orcs
  7 endoplasms
  3 giant cockroaches
  15 goblins
  6 hobgoblins
  3 jackals (D:3)
  5 quokkas
  12 ball pythons
  8 bats
  4 frilled lizards
  8 kobolds
  4 rats
242 creatures vanquished.

Vanquished Creatures (others)
  2 fungi (Lair:1)
  13 plants
15 creatures vanquished.

Grand Total: 257 creatures vanquished

Notes
Turn   | Place    | Note
-------+----------+-------------------------------------------
     0 | D:1      | bande the Gargoyle Fighter began the quest for the Orb.
     0 | D:1      | Reached XP level 1. HP: 14/14 MP: 1/1
   158 | D:1      | Found a faded altar of an unknown god.
   260 | D:1      | Reached XP level 2. HP: 19/19 MP: 2/2
   346 | D:1      | Found Beliqo's Magic Scroll Shop.
   407 | D:1      | Reached skill level 2 in Axes
   839 | D:2      | Reached XP level 3. HP: 23/23 MP: 3/3
  2196 | D:3      | Reached skill level 3 in Axes
  2198 | D:3      | Reached XP level 4. HP: 28/28 MP: 4/4
  2227 | D:3      | Noticed Robin
  2246 | D:3      | Killed Robin
  2247 | D:3      | Reached XP level 5. HP: 30/32 MP: 5/5
  2437 | D:3      | Reached skill level 4 in Axes
  2547 | D:3      | Noticed Grinder
  2594 | D:3      | Killed Grinder
  2595 | D:3      | Reached skill level 5 in Axes
  2595 | D:3      | Reached XP level 6. HP: 14/38 MP: 6/6
  3372 | D:3      | Noticed Natasha
  3394 | D:3      | Killed Natasha
  3592 | D:3      | Noticed Natasha
  3599 | D:3      | Killed Natasha
  3874 | D:4      | Reached XP level 7. HP: 44/44 MP: 7/7
  4610 | D:4      | Found a staircase to the Ecumenical Temple.
  4653 | Temple   | Entered the Ecumenical Temple
  4882 | Temple   | Became a worshipper of Warmaster Okawaru
  4995 | D:4      | Reached skill level 6 in Axes
  4995 | D:4      | Reached skill level 1 in Evocations
  5151 | D:4      | Noticed Blork the orc
  5156 | D:4      | Killed Blork the orc
  5501 | D:4      | Reached skill level 5 in Armour
  5827 | D:5      | Entered Level 5 of the Dungeon
  5906 | D:5      | Reached XP level 8. HP: 46/48 MP: 8/8
  6063 | D:5      | Reached * piety under Okawaru
  6115 | D:5      | Reached skill level 1 in Invocations
  6285 | D:5      | Reached skill level 5 in Fighting
  6285 | D:5      | Reached skill level 7 in Axes
  6667 | D:5      | Found an ornate altar of the Wu Jian Council.
  6824 | D:5      | Reached XP level 9. HP: 47/54 MP: 10/10
  6992 | D:5      | Reached ** piety under Okawaru
  7592 | D:6      | Noticed Eustachio
  7602 | D:6      | Killed Eustachio
  7676 | D:6      | Reached skill level 5 in Shields
  7738 | D:6      | Reached skill level 8 in Axes
  8200 | D:6      | Noticed Grum
  8209 | D:6      | Killed Grum
  8209 | D:6      | Reached *** piety under Okawaru
  8884 | D:7      | Found a large runed translucent door.
  8884 | D:7      | Found a large runed translucent door.
  8947 | D:7      | Gained mutation: You are partially covered in large bone
                  | plates. (SH +4) [potion of mutation]
  8947 | D:7      | Gained mutation: You sometimes lose the ability to read
                  | scrolls when taking damage. [potion of mutation]
  8958 | D:7      | Noticed dracfodder's ghost (amateur DrIE)
  9074 | D:7      | Reached XP level 10. HP: 60/60 MP: 13/13
  9696 | D:7      | Killed dracfodder's ghost
  9697 | D:7      | Reached skill level 9 in Axes
 10006 | D:8      | Reached **** piety under Okawaru
 10141 | D:8      | Found a staircase to the Lair.
 10173 | D:8      | Reached skill level 5 in Invocations
 10265 | D:8      | Reached ***** piety under Okawaru
 10735 | D:8      | Found a shadowy altar of Dithmenos.
 11128 | Lair:1   | Entered Level 1 of the Lair of Beasts
 11139 | Lair:1   | Noticed a black mamba
 11149 | Lair:1   | Killed a black mamba
 11300 | Lair:1   | Reached skill level 10 in Axes
 11308 | Lair:1   | Reached skill level 5 in Evocations
 11308 | Lair:1   | Reached XP level 11. HP: 66/66 MP: 8/15
 11509 | Lair:1   | Found a runed translucent gate.
 11510 | Lair:1   | Found a runed translucent gate.
 11510 | Lair:1   | Found a runed translucent gate.
 11510 | Lair:1   | Noticed a ten-headed hydra
 11510 | Lair:1   | Noticed a ten-headed hydra
 11511 | Lair:1   | Noticed Shayle's ghost (journeyman DsWr)
 11925 | Lair:1   | Identified the +3 leather armour of Valiance {Int+4 Dex+4}
 11935 | Lair:1   | Received a gift from Okawaru
 12149 | Lair:1   | Noticed an eight-headed hydra
 12163 | Lair:1   | Killed an eight-headed hydra
 12894 | Lair:2   | Identified the +10 ring mail "Nutaa" {rN++ Int+2} (Okawaru
                  | gifted it to you on level 2 of the Lair of Beasts)
 12894 | Lair:2   | Received a gift from Okawaru
 13043 | Lair:2   | Noticed Sonja
 13057 | Lair:2   | HP: 1/67 [Sonja (11)]
 13057 | Lair:2   | Slain by Sonja

Illustrated notes

Levels and vault maps discovered:
D:1:      minmay_arrival_solitary_statue, layout_rooms, serial_shops, shop,
          hellmonk_ecumenical_altar_lost_god
D:2:      layout_basic, patterned_corridor
D:3:      layout_rooms, minmay_vboxes, uniq_robin, uniq_natasha, uniq_grinder
D:4:      layout_basic, minmay_temple_entry_tees, serial_curves, eino_curves_02,
          eino_curves_03, uniq_blork_the_orc
D:5:      minmay_recursive_quarters, layout_loops_ring,
          nicolae_wu_jian_wuxing_cycle, chequers_serial_rivers_marsh,
          minmay_pentangle
D:6:      layout_cave_pools, serial_gnoll_camp, gnoll_camp_mini_sergeant,
          gnoll_camp_mini_hut, gnoll_camp_mini_loothouse, grums_kennel,
          gnoll_camp_mini_doghouse, uniq_edmund, uniq_eustachio
D:7:      layout_rooms, ebering_ghost_disaster_area
D:8:      layout_loops_corners, lemuel_round_altar, david_lair_generic,
          minmay_misc_feat_room
Temple:   dpeg_five_rooms_temple
Lair:1:   layout_chaotic_city, gammafunk_ghost_hydra_chop
Lair:2:   layout_regular_city, uniq_sonja

Skill      XL: |  1  2  3  4  5  6  7  8  9 10 11 |
---------------+----------------------------------+-----
Axes           | 2 3 5 6 7 8 10 | 10.8
Fighting       | 4 5 6 7 |  7.5
Armour         | 4 5 6 7 8 |  8.0
Evocations     | 1 2 3 5 |  5.8
Invocations    | 2 4 5 6 |  6.8
Shields        | 4 5 6 7 |  7.6
Stealth        | |  0.3

Action                   |  1- 3 |  4- 6 |  7- 9 | 10-12 || total
-------------------------+-------+-------+-------+-------++-------
Melee: War axe           |    86 |   141 |   311 |   307 ||   845
       Flail             |       |       |       |    22 ||    22
Invok: Heroism           |       |       |       |     1 ||     1
  Use: Scroll            |     4 |     2 |    12 |     1 ||    19
       Potion            |       |       |     1 |       ||     1
Armor: Scale mail        |     5 |       |       |       ||     5
       Chain mail        |    62 |   140 |   218 |       ||   420
       Plate armour      |       |       |   161 |   236 ||   397
       Ring mail         |       |       |       |    12 ||    12
Dodge: Dodged            |    52 |    60 |   131 |    92 ||   335
Block: Orb               |       |       |     3 |    61 ||    64

Table legend: (Time is in decaauts)
 A = Elapsed time spent in this place.
 B = Non-inter-level travel time spent in this place.
 C = Inter-level travel time spent in this place.
 D = Time resting spent in this place.
 E = Time spent auto-exploring this place.
 F = Levels seen in this place.
 G = Mean time per level.
                   A        B        C        D        E       F      G
               +--------+--------+--------+--------+--------+-----+--------+
         Total |  13911 |  13553 |    358 |   6004 |   5401 |  11 | 1264.6 |
       Dungeon |  11560 |  11287 |    273 |   5035 |   4477 |   8 | 1445.0 |
        Temple |    315 |    230 |     85 |      0 |    215 |   1 |  315.0 |
          Lair |   2035 |   2035 |      0 |    968 |    709 |   2 | 1017.5 |
               +--------+--------+--------+--------+--------+-----+--------+

Top non-repeatable levels by time:
     D:4: 1897 daAuts
     D:5: 1878 daAuts
  Lair:1: 1843 daAuts
     D:2: 1621 daAuts
     D:3: 1617 daAuts
     D:6: 1452 daAuts
     D:8: 1436 daAuts
     D:7: 951 daAuts
     D:1: 706 daAuts
  Temple: 315 daAuts
  Lair:2: 192 daAuts
